 Dungeon Sprint DCSS version 0.29-a0-337-g68df138881 (webtiles) character file.

Game seed: 13084435585382756884

2087 mhtbhm the Fencer (level 9, -1/144 HPs)
             Began as a Minotaur Berserker on Apr 16, 2022.
             Was a High Priest of Trog.
             Slain by a boulder beetle (15 damage)
             ... in the Dungeon (Sprint IX: "|||||||||||||||||||||||||||||").
             The game lasted 00:00:58 (531 turns).

mhtbhm the Fencer (Minotaur Berserker)               Turns: 531, Time: 00:00:58

Health: -1/144     AC:  4    Str: 26    XL:     9   Next: 6%
Magic:  8/8        EV: 14    Int:  7    God:    Trog [*****.]
Gold:   0          SH:  0    Dex: 13    Spells: 8/8 levels left

rFire   . . .      SeeInvis .   a - +2 scimitar (flame)
rCold   . . .      Faith    .   (no shield)
rNeg    . . .      Spirit   .   b - +0 troll leather armour
rPois   .          Reflect  .   (helmet restricted)
rElec   .          Harm     .   l - +0 cloak
rCorr   .          Rampage  .   k - +0 pair of gloves
Will    .....      NoTele   +   (no boots)
Stlth   ..........              (no amulet)
HPRegen 1.14/turn               m - +3 ring of dexterity
MPRegen 0.11/turn               n - +3 ring of intelligence

@: berserking, corroded, very quick
A: horns 2, retaliatory headbutt
a: Renounce Religion, Berserk, Trog's Hand, Brothers in Arms


You were in the Dungeon.
You worshipped Trog.
Trog was extremely pleased with you.
You visited 1 branch

Inventory:

Hand Weapons
 a - a +2 scimitar of flaming (weapon)
Armour
 b - a +0 troll leather armour (worn)
 k - a +0 pair of gloves (worn)
 l - a +0 cloak (worn)
Jewellery
 m - a +3 ring of dexterity (left hand)
 n - a +3 ring of intelligence (right hand)
Wands
 j - a wand of iceblast (10)
Scrolls
 h - 2 scrolls of blinking
Potions
 c - 5 potions of curing
 d - 2 potions of heal wounds
 e - a potion of haste
 f - 4 potions of magic
 g - a potion of berserk rage
 i - a potion of invisibility


   Skills:
 + Level 14.9 Fighting
 + Level 15.4 Long Blades
 + Level 10.7 Armour
 + Level 6.6 Dodging
 + Level 0.6 Stealth


You had 8 spell levels left.
You didn't know any spells.
Your spell library was empty.

Dungeon Overview and Level Annotations

Branches:
Dungeon (1/1)

Altars:
Cheibriados
Dithmenos
Elyvilon
Fedhas
Gozag
Hepliaklqana
Kikubaaqudgha
Makhleb
Nemelex Xobeh
Okawaru
Qazlal
Ru
Sif Muna
Trog
Uskayaw
Vehumet
Wu Jian
Xom
Yredelemnul
Zin
The Shining One
Beogh
Jiyva
Lugonu


Innate Abilities, Weirdness & Mutations

You have a pair of horns on your head.
You reflexively headbutt those who attack you in melee.


Message History

* * * LOW HITPOINT WARNING * * *
The two-headed hydra bites you!
* * * LOW HITPOINT WARNING * * *
You lop one of the two-headed hydra's heads off!
The flame cauterises the wound!
You slice the one-headed hydra!! You burn the one-headed hydra.
You kill the one-headed hydra!
Trog accepts your kill. The boulder beetle barely misses you.
Your Long Blades skill increases to level 15!
Your Armour skill increases to level 10!
You have reached level 9!
Your experience leads to an increase in your attributes!
Your base attributes are Str 24, Int 4, Dex 10.
Increase (S)trength, (I)ntelligence, or (D)exterity?
You feel stronger. x2
You hit the boulder beetle. You burn the boulder beetle.
The boulder beetle is moderately wounded.
Something hits you!
* * * LOW HITPOINT WARNING * * *
Deactivating autopickup; reactivate with Ctrl-A.
Unknown command.
You slash the boulder beetle! You burn the boulder beetle.
The boulder beetle is moderately wounded.
Something hits you.
* * * LOW HITPOINT WARNING * * *
You hit the boulder beetle. You burn the boulder beetle.
You headbutt the boulder beetle, but do no damage.
The boulder beetle is heavily wounded.
The boulder beetle misses you. You furiously retaliate!
You headbutt the boulder beetle, but do no damage.
You hit the boulder beetle but do no damage.
The boulder beetle is heavily wounded.
Something hits you.
* * * LOW HITPOINT WARNING * * *
You hit the boulder beetle but do no damage.
You headbutt the boulder beetle, but do no damage.
The boulder beetle is heavily wounded.
Something barely misses you. The boulder beetle bites you!
You die...

▓'▓
▓)▓
▓[▓
▓[▓
▓.▓
▓.▓
▓.▓
▓B▓
▓@▓
▓†▓
▓.▓
▓.▓
▓.▓
▓.▓
▓+▓


You could see a boulder beetle.

Vanquished Creatures
  A hydra (D)
  A komodo dragon (D)
  3 trolls (D)
  A yak (D)
  An acid dragon (D)
  An orc warrior (D)
  An ogre (D)
  A wight (D)
  A killer bee (D)
  2 hounds (D)
  An adder (D)
  A white imp (D)
  An endoplasm (D)
  A quokka (D)
  A frilled lizard (D)
  2 rats (D)
20 creatures vanquished.

Notes
Turn   | Place    | Note
-------+----------+-------------------------------------------
     0 | D        | mhtbhm the Minotaur Berserker began the quest for the Orb.
     0 | D        | Reached XP level 1. HP: 19/19 MP: 0/0
     6 | D        | Reached skill level 4 in Long Blades
    11 | D        | Reached ** piety under Trog
    35 | D        | Noticed a hound
    35 | D        | Noticed an ogre
    35 | D        | Noticed a hound
    37 | D        | Killed a hound
    38 | D        | Reached skill level 5 in Fighting
    38 | D        | Reached skill level 5 in Long Blades
    38 | D        | Reached XP level 2. HP: 30/30 MP: 1/1
    38 | D        | Reached XP level 3. HP: 37/37 MP: 2/2
    42 | D        | Killed an ogre
    42 | D        | Reached *** piety under Trog
    43 | D        | Reached skill level 7 in Long Blades
    43 | D        | Reached XP level 4. HP: 48/48 MP: 3/3
    47 | D        | Reached skill level 8 in Long Blades
    56 | D        | Reached XP level 5. HP: 47/56 MP: 4/4
    62 | D        | Found a snail-covered altar of Cheibriados.
    62 | D        | Found a shadowy altar of Dithmenos.
    62 | D        | Found a white marble altar of Elyvilon.
    62 | D        | Found a blossoming altar of Fedhas.
    62 | D        | Found an opulent altar of Gozag.
    63 | D        | Found a hazy altar of Hepliaklqana.
    64 | D        | Found a viscous altar of Jiyva.
    65 | D        | Found an ancient bone altar of Kikubaaqudgha.
    66 | D        | Found a corrupted altar of Lugonu.
    67 | D        | Found a burning altar of Makhleb.
    68 | D        | Found a sparkling altar of Nemelex Xobeh.
    69 | D        | Found an iron altar of Okawaru.
    70 | D        | Found a stormy altar of Qazlal.
    71 | D        | Found a sacrificial altar of Ru.
    72 | D        | Found a shimmering blue altar of Sif Muna.
    73 | D        | Found a bloodstained altar of Trog.
    74 | D        | Found a hide-covered altar of Uskayaw.
    75 | D        | Found a radiant altar of Vehumet.
    76 | D        | Found an ornate altar of the Wu Jian Council.
    77 | D        | Found a shimmering altar of Xom.
    78 | D        | Found a basalt altar of Yredelemnul.
    79 | D        | Found a glowing silver altar of Zin.
    80 | D        | Found a glowing golden altar of the Shining One.
   185 | D        | Noticed an orc warrior
   185 | D        | Noticed a yak
   185 | D        | Noticed a troll
   185 | D        | Noticed a troll
   186 | D        | Reached **** piety under Trog
   187 | D        | Reached skill level 9 in Long Blades
   187 | D        | Reached skill level 5 in Armour
   191 | D        | Killed an orc warrior
   192 | D        | Reached skill level 10 in Fighting
   192 | D        | Reached skill level 10 in Long Blades
   192 | D        | Reached XP level 6. HP: 66/66 MP: 5/5
   195 | D        | Killed a yak
   196 | D        | Reached skill level 11 in Long Blades
   196 | D        | Reached skill level 5 in Dodging
   204 | D        | Killed a troll
   204 | D        | Reached ***** piety under Trog
   205 | D        | Reached skill level 12 in Long Blades
   205 | D        | Reached XP level 7. HP: 59/77 MP: 6/6
   210 | D        | Killed a troll
   211 | D        | Reached skill level 13 in Long Blades
   516 | D        | Noticed a boulder beetle
   516 | D        | Noticed a troll
   516 | D        | Noticed a komodo dragon
   516 | D        | Noticed a four-headed hydra
   519 | D        | Reached XP level 8. HP: 86/86 MP: 7/7
   520 | D        | Killed a troll
   521 | D        | Reached skill level 14 in Long Blades
   523 | D        | Killed a komodo dragon
   526 | D        | Killed a one-headed hydra
   527 | D        | Reached skill level 15 in Long Blades
   527 | D        | Reached skill level 10 in Armour
   527 | D        | Reached XP level 9. HP: 26/96 MP: 8/8
   531 | D        | Slain by a boulder beetle

Illustrated notes

Levels and vault maps discovered:
D:        linesprint [early_d, line_temple, items_1, d_10, items_2, lair_1,
          lair_end, items_3, orc_1, orc_end, items_4, d_15, swamp_1, shoals_1,
          snake_1, spider_1, d_20, vaults_1, items_5, swamp_end, shoals_end,
          snake_end, spider_end, vaults_end, d_27, items_6, zot_1, zot_end,
          crypt_end, forest_end, elf_end, slime_end, tomb_end, abyss_end,
          pan_hell_end]

Skill      XL: |  1  2  3  4  5  6  7  8 |
---------------+-------------------------+-----
Fighting       | 5 7 8 10 12 13 14 | 14.9
Long Blades    | 5 7 8 10 12 13 15 | 15.4
Armour         | 3 4 5 7 8 10 | 10.7
Dodging        | 3 4 5 6 |  6.6
Stealth        | |  0.6

Action                   |  1- 3 |  4- 6 |  7- 9 || total
-------------------------+-------+-------+-------++-------
Melee: Falchion          |    17 |    12 |       ||    29
       Headbutt          |     4 |     1 |     8 ||    13
       Punch             |     1 |       |       ||     1
       Scimitar          |       |    14 |    18 ||    32
Invok: Berserk           |     1 |     1 |     1 ||     3
  Use: Potion            |       |     1 |       ||     1
Armor: Animal skin       |     2 |     1 |       ||     3
       Plate armour      |       |     9 |     4 ||    13
Dodge: Dodged            |     7 |    14 |     7 ||    28

Table legend: (Time is in decaauts)
 A = Elapsed time spent in this place.
 B = Non-inter-level travel time spent in this place.
 C = Inter-level travel time spent in this place.
 D = Time resting spent in this place.
 E = Time spent auto-exploring this place.
 F = Levels seen in this place.
 G = Mean time per level.
                   A        B        C        D        E       F      G
               +--------+--------+--------+--------+--------+-----+--------+
         Total |    531 |    531 |      0 |    345 |      3 |   1 |  531.0 |
       Dungeon |    531 |    531 |      0 |    345 |      3 |   1 |  531.0 |
               +--------+--------+--------+--------+--------+-----+--------+

Top non-repeatable levels by time:
       D: 531 daAuts
